cohdb
Replays
Latest Replays
All Replays
Popular Replays
Top Player Replays
Match Explorer
How It Works
Community
CoH3 Stats
Reddit
Sign in to upload your games and track your stats! →
Sign in with Steam
Match 43363047
Unlisted
Match 43363047
Overview
Messages
Build Orders
End
Panzerpioneer Squad
250 Light Carrier
Panzergrenadier Squad
Construct Light Support Kompanie
MG34 Team
Combat Half-tracks
Panzerjäger Squad
Construct Mechanized Kompanie
Selects Panzerjäger Kommand Battlegroup
Selects GrB 39 Grenade Launcher Requisition
Support Armor Elements
Selects Mine Fields
StuG III D Assault Gun
2.5-tonne Medical Truck
Veteran Squad Leaders
Pak 38 Mechanized Group
Construct Panzerarmee Kommand
Walking Stuka Rocket Launcher
Panzergrenadier Squad
Vehicle Survival Package
Panzer III L Medium Tank
Panzer III L Medium Tank
Selects Crew Shock Tactics
Selects Anti-tank Overwatch
Anti-tank Overwatch
Emergency Repair Kits
Selects Defensive Positions
Selects Butterfly Bomb Drop
MG34 Team
Anti-tank Overwatch
Panzer III L Medium Tank
Butterfly Bomb Drop
Bish Bash Bosh
gicobiwolfe
Saturnfuss1005
solair18
0
0
Comments
sign in to comment!
No comments posted yet!